 Dungeon Crawl Stone Soup version 0.30-b1-2-g02819fbbbe (webtiles) character file.

Game seed: 5601426906513157698

4 hadoken the Trooper (level 1, -2/20 (23) HPs)
             Began as an Ogre Reaver on May 19, 2023.
             Slain by a hobgoblin (3 damage)
             ... on level 1 of the Dungeon.
             The game lasted 00:00:40 (220 turns).

hadoken the Trooper (Ogre Reaver)                    Turns: 220, Time: 00:00:41

HP:   -2/20 (23)    AC:  3    Str: 15    XL:     1   Next: 60%
MP:   3/3           EV:  9    Int: 14    God:
Gold: 0             SH:  0    Dex:  7    Spells: 3/4 levels left

rFire   . . .        a - +0 mace
rCold   . . .        (no shield)
rNeg    . . .        b - +0 robe
rPois   .            (helmet restricted)
rElec   .            (no cloak)
rCorr   .            (gloves unavailable)
SInv    .            (boots unavailable)
Will    .....        (no amulet)
Stlth   +            (no ring)
HPRegen 0.23/turn    (no ring)
MPRegen 0.08/turn

%: no passive effects
@: heavily drained
A: large, unfitting armour, tough skin 1
a: no special abilities


You were on level 1 of the Dungeon.
You visited 1 branch of the dungeon, and saw 1 of its levels.

Inventory:

Hand Weapons
 a - a +0 mace (weapon)
Armour
 b - a +0 robe (worn)


   Skills:
 + Level 3.2 Fighting
 - Level 2.6 Maces & Flails
 - Level 1.7 Dodging
 - Level 2.4 Spellcasting
 - Level 2.6 Conjurations


You had 3 spell levels left.
You knew the following spells:

 Your Spells              Type           Power      Damage    Failure   Level
a - Kiss of Death         Conj/Necr      20%        2d7       13%         1

Your spell library contained the following spells:

 Spells                   Type           Power      Damage    Failure   Level
 Shock                    Conj/Air       20%        1d4       13%         1
 Momentum Strike          Conj/Tloc      10%        3d8       21%         2
 Hailstorm                Conj/Ice       5%         3d4       36%         3
 Swiftness                Air            1%         N/A       56%         3
 Airstrike                Air            0%         2d(1-17)  92%         4


Dungeon Overview and Level Annotations

Branches:
Dungeon (1/15)

Altars:


Innate Abilities, Weirdness & Mutations

You are too large for most types of armour.
You have tough skin. (AC +1)


Message History

You hit the ball python but do no damage.
The ball python bites you but does no damage.
You hit the ball python.
The ball python is heavily wounded.
The ball python barely misses you. The ball python closely misses you.
You closely miss the ball python.
The ball python is heavily wounded.
The ball python barely misses you.
You sock the ball python!
You kill the ball python!
Found a stone staircase leading down.
A hobgoblin comes into view.
The hobgoblin shouts!
A hobgoblin is nearby!
There is a stone staircase leading down here.
Found 6 gold pieces.
The hobgoblin hits you.
You barely miss the hobgoblin. The hobgoblin barely misses you.
You barely miss the hobgoblin. The hobgoblin hits you.
You hit the hobgoblin but do no damage. The hobgoblin closely misses you.
The hobgoblin hits you.
You closely miss the hobgoblin. The hobgoblin closely misses you.
You hit the hobgoblin.
The hobgoblin is severely wounded.
The hobgoblin hits you.
You closely miss the hobgoblin.
The hobgoblin is severely wounded.
The hobgoblin hits you.
You closely miss the hobgoblin.
The hobgoblin is severely wounded.
The hobgoblin closely misses you. The hobgoblin hits you.
* * * LOW HITPOINT WARNING * * *
You closely miss the hobgoblin.
The hobgoblin is heavily wounded.
The hobgoblin hits you.
* * * LOW HITPOINT WARNING * * *
You closely miss the hobgoblin.
The hobgoblin is heavily wounded.
The hobgoblin hits you.
You die...

.. #...# #.. .##...# #..
..... #.. #..# #.. .
#.$############.. ...
##................
....###..>############..
...........#### #..
$...#.@......# #.) ..#
#g....##.# #.. #.....##
########.. ..######
........# ... #.#.####.#
#.# #.....#.# #.
#.......# # #........
#......###


You could see a hobgoblin.

Vanquished Creatures
  A ball python (D:1)
  An endoplasm (D:1)
  A hobgoblin (D:1)
3 creatures vanquished.

Vanquished Creatures (others)
  A fungus (D:1)
1 creature vanquished.

Grand Total: 4 creatures vanquished

Notes
Turn   | Place    | Note
-------+----------+-------------------------------------------
     0 | D:1      | hadoken the Ogre Reaver began the quest for the Orb.
     0 | D:1      | Reached XP level 1. HP: 22/22 MP: 3/3
   121 | D:1      | Reached skill level 3 in Fighting
   219 | D:1      | HP: 1/20 [hobgoblin (4)]
   220 | D:1      | Slain by a hobgoblin

Illustrated notes

Levels and vault maps discovered:
D:1:      scummos_arrival_checkerplants, layout_loops_ring,
          nicolae_concentric_dashed_squares_wild

Skill      XL: |  1 |
---------------+----+-----
Fighting       | 3 |  3.2
Maces & Flails | |  2.6
Dodging        | |  1.7
Spellcasting   | |  2.4
Conjurations   | |  2.6

Action                     || total
---------------------------++-------
  Melee: Mace              ||    28
   Cast: Kiss of Death     ||     1
 Armour: Robe              ||     7
  Dodge: Dodged            ||    10
